 Dungeon Crawl Stone Soup version 0.18.1-48-g4cf74bf (webtiles) character file.

56 Heedrag the Chopper (level 3, -1/31 HPs)
             Began as a Minotaur Fighter on Aug 5, 2016.
             Killed from afar by Sigmund (9 damage)
             ... with a magic dart
             ... on level 2 of the Dungeon.
             The game lasted 00:01:45 (773 turns).

Heedrag the Chopper (Minotaur Fighter)               Turns: 773, Time: 00:01:46

Health: -1/31      AC:  6    Str: 21    XL:     3   Next: 69%
Magic:  2/2        EV:  7    Int:  5    God:
Gold:   113        SH:  9    Dex:  9    Spells: 0 memorised, 2 levels left

rFire  . . .     SeeInvis .     a - +0 war axe
rCold  . . .     Gourm    .     b - +0 scale mail
rNeg   . . .     Faith    .     c - +0 shield
rPois  .         Spirit   .     (helmet restricted)
rElec  .         Dismiss  .     (no cloak)
rCorr  .         Reflect  .     (no gloves)
SustAt .         Harm     .     (no boots)
MR     .....                    (no amulet)
Stlth  ..........               (no ring)
                                (no ring)

@: not resistant to hostile enchantments, extremely unstealthy
A: retaliatory headbutt, horns 2
a: no special abilities


You were on level 2 of the Dungeon.
You were not hungry.

You visited 1 branch of the dungeon, and saw 2 of its levels.

You collected 113 gold pieces.

Inventory:

Hand Weapons
 a - a +0 war axe (weapon)
Armour
 b - a +0 scale mail (worn)
 c - a +0 shield (worn)
Scrolls
 h - a scroll of enchant armour {unknown}
 i - 2 scrolls of teleportation {unknown}
 j - 2 scrolls of identify {unknown}
 k - a scroll of remove curse {unknown}
 m - 2 scrolls of random uselessness {unknown}
Potions
 d - a potion of might
 e - 3 potions of curing {unknown}
 n - 2 potions of haste {unknown}
Comestibles
 f - a bread ration
 g - a slice of pizza
 l - 6 chunks of flesh


   Skills:
 - Level 3.6 Fighting
 * Level 5.0 Axes
 - Level 3.6 Armour
 - Level 3.6 Shields


You had 2 spell levels left.
You didn't know any spells.

Dungeon Overview and Level Annotations

Branches:
Dungeon (2/15)

Altars:
Pakellas

Annotations:
D:2 Sigmund


Innate Abilities, Weirdness & Mutations

You reflexively headbutt those who attack you in melee.
You have a pair of horns on your head.


Message History

Somethin' hits ye.
Ye miss tha hobgoblin.
Tha hobgoblin barely misses ye.
Somethin' hits ye.
Ye bump inta tha rock wall.
Tha hobgoblin hits ye but does nay damage.
Yer too confused ta move!
Somethin' hits ye.
Tha hobgoblin hits ye but does nay damage.
Ye bump inta tha rock wall.
Ye feel less confused.
Somethin' hits ye.
Tha hobgoblin hits ye but does nay damage.
Ye hit tha hobgoblin but do nay damage.
Yer headbutt misses tha hobgoblin.
Tha hobgoblin barely misses ye.
Ye barely miss tha hobgoblin.
Ye headbutt tha hobgoblin.
Ye kill tha hobgoblin!
Yer Axes skill increases ta level 5!
Somethin' hits ye!
* * * LOW HITPOINT WARNIN'
* * * A magic dart appears from outta thin air!
Tha magic dart hits ye!
Ye die...

##.#.#### #..###.#..
##.#.....# #......#.#
.........#####.#####.#
##.............#...).#
##.............#.##..#
##...............##........
.<...............##.#######
.....#.......##..##.....
.....#..........@.......
.....#..................
........................
........................
....#.......######.#####
...†......### ..
.....###### #.# .....######
.# ...........


There were no monsters in sight!

Vanquished Creatures
  An adder (D:2)
  A worm (D:2)
  2 dart slugs (D:1)
  A giant gecko (D:1)
  6 bats
  2 giant cockroaches (D:1)
  7 goblins
  3 hobgoblins
  3 jackals (D:1)
  4 giant newts
  4 kobolds
  6 rats
40 creatures vanquished.

Notes
Turn   | Place    | Note
--------------------------------------------------------------
     0 | D:1      | Heedrag the Minotaur Fighter began the quest for the Orb.
     0 | D:1      | Reached XP level 1. HP: 19/19 MP: 0/0
    76 | D:1      | Reached skill level 3 in Axes
    91 | D:1      | Reached XP level 2. HP: 26/26 MP: 1/1
   168 | D:1      | Reached skill level 4 in Axes
   272 | D:1      | Reached XP level 3. HP: 29/31 MP: 2/2
   633 | D:2      | Found an oddly glowing altar of Pakellas.
   757 | D:2      | Noticed Sigmund
   767 | D:2      | Reached skill level 5 in Axes
   773 | D:2      | Killed from afar by Sigmund

Skill      XL: |  1  2  3 |
---------------+----------+-----
Axes           | 3 4 5 |  5.0
Fighting       | |  3.6
Armour         | |  3.6
Shields        | |  3.6

Action                   || total
-------------------------++-------
Melee: War axe           ||    79
       Headbutt          ||    15
Armor: Scale mail        ||    39
Dodge: Dodged            ||    19
Block: Shield            ||    38
